 Dungeon Crawl Stone Soup version 0.32-a0-613-g40f424ee2b (webtiles) character file.

Game seed: 13971812735433017872

23318 Essalna the Geomancer (level 13, -2/85 HPs)
             Began as a Gargoyle Earth Elementalist on Mar 5, 2024.
             Was an Elder of Vehumet.
             Slain by an eight-headed hydra (4 damage)
             ... on level 2 of the Lair of Beasts.
             The game lasted 00:22:58 (12453 turns).

Essalna the Geomancer (GrEE)                       Turns: 12453, Time: 00:22:58

Health: -2/85      AC: 18    Str: 15    XL:     13   Next: 5%
Magic:  19/19      EV: 17    Int: 20    God:    Vehumet [****..]
Gold:   603        SH: 10    Dex: 10    Spells: 11/20 levels left

rFire   + . .        O - +0 demon whip (venom)
rCold   + . .        J - +0 buckler
rNeg    + + .        I - +0 leather armour {rF+}
rPois   ∞            m - +1 helmet
rElec   +            M - +0 cloak
rCorr   .            T - +0 pair of gloves
SInv    .            (no boots)
Will    .....        U - amulet of reflection
Stlth   ++           Q - ring of protection from cold
HPRegen 0.34/turn    K - ring of Dajo {rN+ EV+5 Str+2}
MPRegen 0.16/turn

%: reflection
@: about to teleport
A: sickness immunity, AC +9, negative energy resistance 1, electricity
resistance, torment resistance 1, petrification resistance
a: Renounce Religion


You were on level 2 of the Lair of Beasts.
You worshipped Vehumet.
Vehumet was greatly pleased with you.
You visited 3 branches of the dungeon, and saw 12 of its levels.

You collected 603 gold pieces.

Inventory:

Hand Weapons
 c - a +0 short sword
 k - a +1 whip of flaming
 O - a +0 demon whip of venom (weapon)
Armour
 a - a +0 robe
 m - a +1 helmet (worn)
 E - +0 steam dragon scales
 I - a +0 leather armour of fire resistance (worn)
 J - a +0 buckler (worn)
 M - a +0 cloak (worn)
 T - a +0 pair of gloves (worn)
Magical Staves
 s - a staff of earth
Jewellery
 B - a ring of see invisible
 K - the ring of Dajo (right hand) {rN+ EV+5 Str+2}
   (You found it on level 7 of the Dungeon)

   [ring of evasion]

   EV+5:      It affects your evasion (+5).
   Str+2:     It affects your strength (+2).
   rN+:       It protects you from negative energy.
 L - an amulet of the acrobat
 Q - a ring of protection from cold (left hand)
 U - an amulet of reflection (around neck)
Wands
 x - a wand of flame (54)
 N - a wand of mindburst (9)
 S - a wand of acid (6)
 V - a wand of paralysis (4)
Scrolls
 d - a scroll of vulnerability
 g - 9 scrolls of identify {unknown}
 h - a scroll of enchant armour
 j - 2 scrolls of blinking {unknown}
 l - 2 scrolls of poison {unknown}
 r - a scroll of brand weapon {unknown}
 t - 2 scrolls of immolation
 u - 2 scrolls of revelation
 v - 2 scrolls of amnesia {unknown}
 y - 3 scrolls of teleportation
 z - a scroll of summoning {unknown}
 F - 2 scrolls of enchant weapon {unknown}
 H - 3 scrolls of fog {unknown}
 R - 2 scrolls of noise {unknown}
Potions
 e - 3 potions of curing {unknown}
 f - a potion of cancellation {unknown}
 i - 3 potions of enlightenment {unknown}
 n - 7 potions of lignification {unknown}
 o - a potion of resistance {unknown}
 p - 2 potions of mutation {unknown}
 q - 3 potions of invisibility {unknown}
 w - 2 potions of haste {unknown}
 A - 3 potions of heal wounds {unknown}
 C - 3 potions of ambrosia {unknown}
 D - 2 potions of attraction {unknown}
 G - 2 potions of berserk rage {unknown}
 P - 2 potions of might {unknown}


   Skills:
 + Level 11.8 Fighting
 - Level 6.0 Armour
 + Level 5.7 Dodging
 - Level 2.1 Stealth
 + Level 6.6 Shields
 - Level 4.0 Spellcasting
 + Level 11.7 Conjurations
 + Level 13.1 Earth Magic


You had 11 spell levels left.
You knew the following spells:

 Your Spells              Type           Power      Damage    Failure   Level
a - Sandblast             Erth           100%       2d20      1%          1
b - Stone Arrow           Conj/Erth      100%       3d13      1%          3
c - Iskenderun's Battles  Conj           50%        2d10      1%          5

Your spell library contained the following spells:

 Spells                   Type           Power      Damage    Failure   Level
 Magic Dart               Conj           100%       1d8       1%          1
 Sting                    Conj/Alch      100%       1d9       1%          1
 Passwall                 Erth           54%        N/A       1%          3
 Brom's Barrelling Bould  Conj/Erth      52%        2d7       1%          4
 Mercury Vapours          Alch/Air       8%         N/A       8%          2
 Animate Armour           Summ/Erth      60%        N/A       13%         4
 Petrify                  Alch/Erth      30%        N/A       13%         4
 Blink                    Tloc           8%         N/A       28%         2
 Call Imp                 Summ           8%         N/A       28%         2
 Ensorcelled Hibernation  Hex/Ice        8%         N/A       28%         2
 Olgreb's Toxic Radiance  Alch           4%         N/A       41%         4
 Fugue of the Fallen      Necr           4%         N/A       50%         3
 Ozocubu's Armour         Ice            4%         N/A       50%         3
 Swiftness                Air            4%         N/A       50%         3
 Lehudib's Crystal Spear  Conj/Erth      26%        10d7      86%         8
 Manifold Assault         Tloc           4%         N/A       88%         4
 Metabolic Englaciation   Hex/Ice        2%         N/A       99%         5
 Sculpt Simulacrum        Ice/Alch       2%         N/A       100%        6


Dungeon Overview and Level Annotations

Branches:
Dungeon (8/15)             Temple (1/1) D:6            Lair (3/5) D:8
 Shoals (0/4) Lair:2       Spider (0/4) Lair:2

Altars:
Ashenzari
Cheibriados
Dithmenos
Elyvilon
Fedhas
Gozag
Kikubaaqudgha
Makhleb
Nemelex Xobeh
Okawaru
Qazlal
Sif Muna
Trog
Uskayaw
Vehumet
Wu Jian
Xom
Yredelemnul
The Shining One

Shops:
D:6 [   D:7 (


Innate Abilities, Weirdness & Mutations

You are immune to sickness and miasma.
Your stone body is resilient. (AC +9)
You are immune to poison.
You resist negative energy. (rN+)
You are resistant to electric shocks. (rElec)
You are resistant to unholy torment.
You are immune to petrification.


Message History

The eight-headed hydra closely misses you.
The eight-headed hydra bites you. The eight-headed hydra misses you.
The eight-headed hydra bites you but does no damage. x2
The eight-headed hydra misses you. The eight-headed hydra bites you!
You block the eight-headed hydra's attack.
Casting: Stone Arrow (safe; 1% risk of failure)
Confirm with . or Enter, or press ? or * to list all spells.
You don't have enough magic to cast this spell.
Unknown command.
Magic courses through your body.
You block the eight-headed hydra's attack.
The eight-headed hydra bites you.
You block the eight-headed hydra's attack.
The eight-headed hydra misses you.
The eight-headed hydra bites you but does no damage. x2
The eight-headed hydra bites you.
* * * LOW HITPOINT WARNING * * *
The eight-headed hydra bites you!
* * * LOW HITPOINT WARNING * * *
As you read the scroll of teleportation, it crumbles to dust.
You feel strangely unstable. The eight-headed hydra bites you.
* * * LOW HITPOINT WARNING * * *
The eight-headed hydra misses you. The eight-headed hydra bites you.
* * * LOW HITPOINT WARNING * * *
You block the eight-headed hydra's attack.
The eight-headed hydra bites you!
* * * LOW HITPOINT WARNING * * *
You block the eight-headed hydra's attack.
The eight-headed hydra closely misses you.
The eight-headed hydra bites you but does no damage.
Okay, then.
The eight-headed hydra attacks as it pursues you!
The eight-headed hydra bites you but does no damage.
You block the eight-headed hydra's attack.
The eight-headed hydra bites you but does no damage. x2
The eight-headed hydra closely misses you.
The eight-headed hydra bites you.
* * * LOW HITPOINT WARNING * * *
The eight-headed hydra bites you.
You die...

♣♣÷♣♣#.#.## #♣.÷♣♣#....#
#.♣♣.♣#....# #.♣♣♣.#>...##
~≈~♣#...♣.#.†#..#
.≈~≈F..Fl♣.#...###
♣~≈~♣#♣♣.♣♣#..P# .≈~
♣♣D♣#..## . ♣♣@♣♣#...#
#♣.♣♣ #.#.###### #.♣♣
#..#.##..## #♣.♣♣
#........P# ♣♣.♣
#.#....####
###################.##...#
##.##................###.##
........#####..###...# #.#
..#####.# #### ##### ###


You could see an eight-headed hydra.

Vanquished Creatures
  A hydra (Lair:2)
  A boulder beetle (Lair:2)
  A death yak (Lair:2)
  A skyshark (Lair:2)
  Amaemon (D:7)
  A pharaoh ant (Lair:2)
  Pikel (D:4)
  6 elephants
  2 black mambas (Lair:2)
  12 cane toads
  An orange demon (D:7)
  Maggie (D:6)
  2 rime drakes
  Jeremiah (D:7)
  5 komodo dragons
  3 polar bears
  Prince Ribbit (D:7)
  2 jumping spiders (Lair:2)
  12 yaks
  Eustachio (D:5)
  A basilisk (Lair:2)
  2 wyverns (Lair:2)
  2 steam dragons (D:8)
  Menkaure (D:5)
  7 water moccasins
  Duvessa (D:7)
  An orc warrior (D:7)
  6 black bears
  4 ice beasts
  3 ogres
  14 wolves
  A centaur (D:7)
  9 phantoms
  4 scorpions
  14 bullfrogs
  A wyvern zombie (D:6)
  A water moccasin zombie (D:6)
  15 wights
  A wyvern skeleton (D:6)
  Dowan (D:7)
  A bombardier beetle (D:5)
  3 bullfrog zombies (D:6)
  A centaur zombie (D:6)
  4 orc priests
  4 hounds
  2 jellies (D:4)
  2 sleepcaps (D:6)
  A bullfrog skeleton (D:6)
  Natasha (thrice) (D:3)
  4 iguanas
  2 orc wizards (D:4)
  4 killer bee zombies (D:6)
  A howler monkey zombie (D:6)
  6 adders
  2 shadow imps
  3 white imps
  2 ufetubi (D:7)
  2 ribbon worms
  2 dart slugs
  22 orcs
  8 endoplasms
  2 giant cockroaches
  9 hobgoblins
  5 quokkas
  4 ball pythons
  4 bats
  4 frilled lizards
  11 goblins
  7 kobolds
  A rat (D:2)
271 creatures vanquished.

Notes
Turn   | Place    | Note
-------+----------+-------------------------------------------
     0 | D:1      | Essalna the Gargoyle Earth Elementalist began the quest for
                  | the Orb.
     0 | D:1      | Reached XP level 1. HP: 10/10 MP: 3/3
   132 | D:1      | Reached XP level 2. HP: 15/15 MP: 3/5
   287 | D:1      | Reached skill level 4 in Earth Magic
   536 | D:1      | Reached XP level 3. HP: 19/19 MP: 4/6
  2157 | D:3      | Reached XP level 4. HP: 24/24 MP: 5/7
  2243 | D:3      | Reached skill level 1 in Fighting
  2273 | D:3      | Found a faded altar of an unknown god.
  2490 | D:3      | Noticed Natasha
  2492 | D:3      | Killed Natasha
  2493 | D:3      | Reached skill level 1 in Armour
  2560 | D:3      | Noticed Natasha
  2566 | D:3      | Killed Natasha
  2567 | D:3      | Reached XP level 5. HP: 26/29 MP: 4/9
  2642 | D:3      | Noticed Natasha
  2654 | D:3      | Killed Natasha
  2793 | D:4      | Noticed a phantom
  2797 | D:4      | Killed a phantom
  2798 | D:4      | Reached XP level 6. HP: 35/35 MP: 6/10
  3029 | D:4      | Reached skill level 5 in Earth Magic
  3250 | D:4      | Reached XP level 7. HP: 40/40 MP: 10/12
  3757 | D:5      | Entered Level 5 of the Dungeon
  3794 | D:5      | Noticed Eustachio
  3797 | D:5      | Killed Eustachio
  3903 | D:5      | Reached XP level 8. HP: 46/46 MP: 11/13
  3921 | D:5      | Noticed Pikel
  3933 | D:4      | Killed Pikel
  3934 | D:4      | Reached skill level 6 in Earth Magic
  4131 | D:5      | Reached skill level 5 in Fighting
  4177 | D:5      | Reached skill level 5 in Conjurations
  4287 | D:5      | Learned a level 3 spell: Stone Arrow
  4300 | D:5      | Noticed Menkaure
  4302 | D:5      | Killed Menkaure
  4303 | D:5      | Reached XP level 9. HP: 44/54 MP: 12/15
  4588 | D:5      | Reached skill level 7 in Earth Magic
  4901 | D:6      | Noticed Maggie
  4908 | D:6      | Killed Maggie
  5324 | D:6      | Reached skill level 8 in Earth Magic
  5464 | D:6      | Found Xuiky's Antique Armour Shoppe.
  5541 | D:6      | Found a staircase to the Ecumenical Temple.
  5547 | Temple   | Entered the Ecumenical Temple
  5620 | Temple   | Became a worshipper of Vehumet
  6055 | D:6      | Reached XP level 10. HP: 63/63 MP: 12/16
  6102 | D:6      | Reached skill level 9 in Earth Magic
  6281 | D:6      | Reached * piety under Vehumet
  6281 | D:6      | Offered knowledge of Kiss of Death by Vehumet.
  6751 | D:7      | Noticed Dowan
  6753 | D:7      | Killed Dowan
  6756 | D:7      | Noticed Duvessa
  6801 | D:7      | Noticed Jeremiah
  6801 | D:7      | Found Laplios's Antique Weapon Boutique.
  7232 | D:7      | Killed Jeremiah
  7371 | D:7      | Killed Duvessa
  7565 | D:7      | Reached skill level 10 in Earth Magic
  7743 | D:7      | Found an ancient bone altar of Kikubaaqudgha.
  7745 | D:7      | Found a shadowy altar of Dithmenos.
  7868 | D:7      | Identified the ring of Dajo {rN+ EV+5 Str+2}
  7936 | D:7      | Noticed Prince Ribbit
  7939 | D:7      | Killed Prince Ribbit
  8004 | D:7      | Reached skill level 1 in Shields
  8157 | D:8      | Found a staircase to the Lair.
  8159 | D:8      | Noticed an orange demon
  8160 | D:8      | Noticed Amaemon
  8168 | D:7      | Killed an orange demon
  8169 | D:7      | Reached XP level 11. HP: 61/71 MP: 17/17
  8204 | D:8      | Noticed a death yak
  8210 | D:7      | Killed Amaemon
  8211 | D:7      | Reached ** piety under Vehumet
  8211 | D:7      | Offered knowledge of Foxfire by Vehumet.
  8421 | D:8      | Noticed a death yak
  8493 | D:8      | Reached skill level 11 in Earth Magic
  9028 | Lair:1   | Entered Level 1 of the Lair of Beasts
  9145 | D:8      | Reached skill level 10 in Fighting
  9270 | D:8      | Reached skill level 10 in Conjurations
  9535 | Lair:1   | Offered knowledge of Searing Ray by Vehumet.
  9541 | Lair:1   | Reached skill level 12 in Earth Magic
 10278 | Lair:1   | Reached XP level 12. HP: 67/79 MP: 18/18
 10585 | Lair:2   | Found a staircase to the Shoals.
 10593 | Lair:2   | Reached *** piety under Vehumet
 10679 | Lair:2   | Noticed a boulder beetle
 10702 | Lair:2   | Reached skill level 5 in Armour
 10713 | Lair:2   | Noticed a skyshark
 10722 | Lair:2   | Killed a skyshark
 10723 | Lair:2   | Reached skill level 5 in Shields
 10887 | Lair:2   | Noticed a death yak
 11012 | Lair:2   | Offered knowledge of Hailstorm by Vehumet.
 11235 | Lair:2   | Killed a boulder beetle
 11236 | Lair:2   | Reached skill level 5 in Dodging
 11618 | Lair:2   | Killed a death yak
 11774 | Lair:2   | Noticed an eight-headed hydra
 11777 | Lair:2   | Noticed a four-headed hydra
 12037 | Lair:2   | Reached skill level 13 in Earth Magic
 12039 | Lair:2   | Reached **** piety under Vehumet
 12104 | Lair:2   | Offered knowledge of Iskenderun's Battlesphere by Vehumet.
 12111 | Lair:2   | Learned a level 5 spell: Iskenderun's Battlesphere
 12119 | Lair:2   | Found a hole to the Spider Nest.
 12347 | Lair:2   | Killed a four-headed hydra
 12348 | Lair:2   | Reached XP level 13. HP: 73/85 MP: 10/19
 12452 | Lair:2   | HP: 2/85 [eight-headed hydra (12)]
 12453 | Lair:2   | Slain by an eight-headed hydra

Illustrated notes

Levels and vault maps discovered:
D:1:      nzn_arrival_settlement, layout_basic, serial_park_tiny_1
D:2:      layout_loops_ring
D:3:      layout_loops_corners, shapermc_ecumenical_altar_ellora, uniq_natasha
D:4:      kennysheep_six_static_rooms, layout_basic, minmay_misc_feat_ornament,
          hangedman_decor_lopped, grunt_decor_arrowhead
D:5:      layout_gridville, kennysheep_cluttered_room, uniq_pikel,
          uniq_menkaure, uniq_eustachio
D:6:      layout_loops_corners, minmay_temple_entry_hall, serial_shops,
          nicolae_inconvenience_store, serial_undead, serial_undead_d,
          serial_undead_d, serial_undead_f, serial_undead_e, serial_undead_e,
          serial_undead_a, serial_undead_c, serial_undead_c, serial_undead_f,
          serial_undead_e, minmay_misc_feat_square, kennysheep_generic_room_4,
          uniq_maggie
D:7:      layout_rooms, jmf_multi_god_temple, serial_shops,
          nicolae_shop_getting_attention, uniq_jeremiah, uniq_prince_ribbit1,
          uniq_duvessa
D:8:      layout_layer_cave, dpeg_lair_monsters, minivault_10,
          grunt_decor_resistance, nrook_campfire, uniq_amaemon
Temple:   minmay_temple_bridge_d
Lair:1:   layout_roguey, lemuel_fruit_tree, grunt_megastairs_4
Lair:2:   nzn_winding_woodlands_huge [nzn_winding_woodlands_5x15_default,
          nzn_winding_woodlands_5x15_lazy_stream,
          nzn_winding_woodlands_5x15_concentric, nzn_winding_woodlands_5x15_eye,
          nzn_winding_woodlands_5x15_zeroes,
          nzn_winding_woodlands_5x15_split_checker,
          nzn_winding_woodlands_5x15_garden,
          nzn_winding_woodlands_5x15_sidewinder,
          nzn_winding_woodlands_5x15_crooked,
          nzn_winding_woodlands_5x15_river_crossing,
          nzn_winding_woodlands_center_lodge,
          nzn_winding_woodlands_center_pierced_h,
          nzn_winding_woodlands_15x15_thick_spiral], layout_misc_corridors,
          shoals_dummy_entry, nicolae_spider_entry_lesser_pyramids
Lair:3:   layout_cave_pods, minmay_lindwurm_lava, uniq_rupert

Skill      XL: |  1  2  3  4  5  6  7  8  9 10 11 12 |
---------------+-------------------------------------+-----
Earth Magic    | 4 5 6 8 10 12 13 | 13.1
Conjurations   | 2 3 4 5 7 9 10 11 | 11.7
Fighting       | 1 2 3 5 7 9 10 11 | 11.8
Armour         | 1 2 3 4 6 |  6.0
Dodging        | 2 3 4 5 |  5.7
Spellcasting   | 3 4 |  4.0
Shields        | 1 4 6 |  6.6
Stealth        | |  2.1

Action                     |  1- 3 |  4- 6 |  7- 9 | 10-12 | 13-15 || total
---------------------------+-------+-------+-------+-------+-------++-------
  Melee: Short sword       |     6 |       |       |       |       ||     6
         Staff             |     1 |       |     4 |       |       ||     5
         Demon whip        |       |       |       |    59 |       ||    59
   Cast: Sandblast         |    65 |    43 |   119 |   300 |     4 ||   531
         Stone Arrow       |       |       |     3 |    83 |     7 ||    93
    Use: Scroll            |       |       |     5 |     2 |     1 ||     8
         Potion            |       |       |       |     1 |     1 ||     2
 Armour: Robe              |    16 |    21 |    25 |       |       ||    62
         Steam dragon scal |       |       |    38 |    20 |       ||    58
         Leather armour    |       |       |       |   192 |    28 ||   220
  Dodge: Dodged            |    13 |    20 |    37 |   303 |    18 ||   391
  Block: Buckler           |       |       |       |   118 |    13 ||   131
         Reflection        |       |       |       |     1 |       ||     1

Table legend: (Time is in decaauts)
 A = Elapsed time spent in this place.
 B = Non-inter-level travel time spent in this place.
 C = Inter-level travel time spent in this place.
 D = Time resting spent in this place.
 E = Time spent auto-exploring this place.
 F = Levels seen in this place.
 G = Mean time per level.
                   A        B        C        D        E       F      G
               +--------+--------+--------+--------+--------+-----+--------+
         Total |  12758 |  12055 |    703 |    697 |   9470 |  12 | 1063.2 |
       Dungeon |   9232 |   8713 |    519 |    462 |   6920 |   8 | 1154.0 |
        Temple |    146 |      2 |    144 |      0 |      0 |   1 |  146.0 |
          Lair |   3379 |   3339 |     40 |    235 |   2550 |   3 | 1126.3 |
               +--------+--------+--------+--------+--------+-----+--------+

Top non-repeatable levels by time:
     D:6: 2249 daAuts
  Lair:2: 2065 daAuts
  Lair:1: 1212 daAuts
     D:7: 1090 daAuts
     D:3: 1050 daAuts
     D:5: 1041 daAuts
     D:4: 1017 daAuts
     D:8: 999 daAuts
     D:2: 925 daAuts
     D:1: 859 daAuts
  Temple: 146 daAuts
  Lair:3: 101 daAuts
